 Dungeon Crawl Stone Soup version 0.22.1-1-ga44c0e5 (webtiles) character file.

16390 suicidejoker the Blocker (level 12, -5/97 HPs)
             Began as a Demonspawn Fighter on Oct 5, 2018.
             Was an Initiate of Gozag.
             Slain by a meliai
             ... wielding a +0 hand axe
              (9 damage)
             ... on level 13 of the Dungeon on Oct 6, 2018.
             The game lasted 00:39:07 (11980 turns).

suicidejoker the Blocker (Demonspawn Fighter)      Turns: 11980, Time: 00:39:08

Health: -5/97      AC: 17    Str: 27    XL:     12   Next: 9%
Magic:  10/13      EV: 14    Int: 10    God:    Gozag
Gold:   737        SH: 19    Dex: 19    Spells: 11/11 levels left

rFire    . . .     SeeInvis .   V - +6 spear (venom)
rCold    + + +     Gourm    .   O - +0 large shield
rNeg     . . .     Faith    .   I - +0 ring mail {rPois}
rPois    +         Spirit   .   (helmet restricted)
rElec    +         Reflect  .   x - +0 cloak {+Inv}
rCorr    +         Harm     .   R - +1 pair of gloves of the Barber Surgeon {Dex+2}
MR       .....                  e - +2 pair of boots {Fly}
Stlth    ++++......             C - amulet of regeneration
HPRegen  0.66/turn              u - ring of stealth
MPRegen  0.13/turn              d - ring of ice

@: mighty, agile, about to teleport, resistant, flying
A: horns 1, icy blue scales 3, cold resistance 2, foul stench 1, robust 1, rot
immunity, freezing cloud immunity, MP-powered wands
a: Potion Petition, Call Merchant, Bribe Branch, Renounce Religion, Evoke
Invisibility, Stop Flying


You were on level 13 of the Dungeon.
You worshipped Gozag.
Gozag was pleased with you.
You were hungry.

You visited 2 branches of the dungeon, and saw 14 of its levels.
You also visited: Ossuary.

You collected 2465 gold pieces.
You paid 1728 gold pieces to Gozag.

Inventory:

Hand Weapons
 c - a +1 dagger of venom
 g - a +4 hand axe
 B - a +0 longbow
 V - a +6 spear of venom (weapon)
Missiles
 J - 6 needles of frenzy
 K - 37 poisoned needles
 P - 7 needles of sleeping
 U - 2 javelins (quivered)
Armour
 e - a +2 pair of boots of flying (worn)
 l - a cursed +0 pair of gloves
 x - a +0 cloak of invisibility (worn)
 I - a +0 ring mail of poison resistance (worn)
 O - a +0 large shield (worn)
 R - the +1 pair of gloves of the Barber Surgeon (worn) {Dex+2}
   (You found it on level 6 of the Dungeon)

   It affects your dexterity (+2).
Jewellery
 b - a +6 ring of intelligence
 d - a ring of ice (right hand)
 i - an uncursed amulet of rage
 r - an uncursed ring of wizardry
 u - a ring of stealth (left hand)
 w - an uncursed amulet of guardian spirit
 A - an uncursed ring of wizardry
 C - an amulet of regeneration (around neck)
 H - an uncursed ring of ice
 L - a +4 ring of intelligence
Wands
 j - a wand of scattershot (2)
 s - a wand of flame (27)
 t - a wand of polymorph (23)
 D - a wand of digging (38)
 Q - a wand of disintegration (7)
Scrolls
 a - 2 scrolls of silence
 h - 4 scrolls of teleportation
 m - 2 scrolls of magic mapping
 n - 11 scrolls of identify
 p - a scroll of noise
 q - 2 scrolls of amnesia
 y - a scroll of fear {unknown}
 E - 2 scrolls of remove curse
 M - a scroll of immolation
 N - a scroll of enchant armour
Potions
 k - 4 potions of haste
 o - 2 potions of ambrosia
 v - 3 potions of cancellation
 z - 2 potions of invisibility
 G - 2 potions of lignification
 S - 3 potions of curing
 W - a potion of resistance
 X - a potion of brilliance
 Y - a potion of berserk rage
 Z - 2 potions of might
Comestibles
 f - 13 rations


   Skills:
 + Level 6.7 Fighting
 + Level 1.3 Short Blades
 - Level 5.4(8.1) Axes
   Level 6.7(7.6) Maces & Flails
 * Level 6.3(7.3) Polearms
 + Level 0.6 Throwing
 + Level 7.6 Armour
 + Level 1.6 Dodging
 + Level 4.6 Stealth
 + Level 10.8 Shields
 + Level 1.3 Evocations


You had 11 spell levels left.
You didn't know any spells.
Your spell library contained the following spells:

 Spells                   Type           Power        Failure   Level  Hunger
 Corona                   Hex            #......      98%         1    ##.....
 Slow                     Hex            #.......     99%         2    ###....
 Inner Flame              Hex/Fire       #.......     100%        3    ####...
 Portal Projectile        Hex/Tloc       #.....       100%        3    ####...
 Cause Fear               Hex            #.........   100%        4    #####..
 Leda's Liquefaction      Hex/Erth       #.........   100%        4    #####..
 Silence                  Hex/Air        #.........   100%        5    ######.
 Yara's Violent Unravell  Hex/Tmut       #.........   100%        5    ######.
 Deflect Missiles         Chrm/Air       #.........   100%        6    #######
 Discord                  Hex            #.........   100%        8    #######


Dungeon Overview and Level Annotations

Branches:
Dungeon (13/15)            Temple (1/1) D:4            Lair (0/6) D:10
    Orc (0/2) D:10
 Vaults: D:13-14

Altars:
Ashenzari
Cheibriados
Dithmenos
Elyvilon
Fedhas
Gozag
Hepliaklqana
Kikubaaqudgha
Makhleb
Nemelex Xobeh
Okawaru
Qazlal
Ru
Sif Muna
Trog
Uskayaw
Vehumet
Wu Jian
Xom
Zin

Shops:
D:4 }   D:9 (

Annotations:
D:5 FoxWall's ghost, novice MiFi
D:7 3 runed doors, RegularSin's ghost, novice GnWn
D:13 exclusion: obsidian statue


Innate Abilities, Weirdness & Mutations

You have a pair of small horns on your head.
You are completely covered in icy blue scales. (AC +4, rC+)
Your flesh is very cold resistant. (rC++)
You may emit foul miasma when damaged in melee.
You are immune to rotting.
You are immune to freezing clouds.
You are robust. (+10% HP)
You expend magic power (3 MP) to strengthen your wands.


Message History

A meliai comes into view. It is wielding a hand axe. x2
Something hits you but does no damage. You block something's attack.
The meliai buzzes angrily.
You hit something. Your headbutt misses something.
You hear an angry hiss.
The meliai calls down the wrath of its god upon you.
Something smites you!
* * * LOW HITPOINT WARNING * * *
Something completely misses you. Something bites you but does no damage.
As you read the scroll of teleportation, it crumbles to dust.
You feel strangely unstable. You block the meliai's attack.
The meliai barely misses you.
The meliai calls down the wrath of its god upon you.
Something smites you!
* * * LOW HITPOINT WARNING * * *
Unholy energy fills the air.
* * * LOW HITPOINT WARNING * * *
The meliai hits you with a hand axe!
You die...
Your body crumbles into a pile of gold.

#. ..# #. #..# #. #..#
#. # #..# #. #. #..# #.
#.#####..##########.
#.y.................
#y{@................
..y...#####.$.#########.
..... #...# #. ....
#...# #. ### #...# #.
#...# #. #...# . #...#
#...#


You could see 3 meliai.

Vanquished Creatures
  Snorg (D:11)
  A death yak (D:10)
  3 two-headed ogres
  2 unseen horrors
  An ugly thing (D:12)
  A manticore (D:12)
  2 cyclopes (D:12)
  An elephant (D:10)
  A kobold demonologist (D:13)
  A queen bee (D:8)
  3 trolls
  A slime creature (D:13)
  3 hippogriffs
  A shadow (D:11)
  A basilisk (D:10)
  3 wyverns
  2 hungry ghosts
  4 vampire mosquitoes (D:12)
  2 water moccasins
  4 orc warriors
  A black bear (D:6)
  5 sky beasts
  2 ice beasts
  7 ogres
  A necrophage (D:11)
  3 centaurs (D:9)
  2 phantoms (D:10)
  A crocodile (D:10)
  2 big kobolds (D:11)
  5 bullfrogs
  5 water moccasin zombies (Ossuary)
  2 wyvern skeletons
  2 scorpions
  27 killer bees
  7 electric eels
  9 crimson imps
  A quasit (D:11)
  2 bullfrog skeletons
  4 hounds
  A gnoll shaman (D:7)
  Crazy Yiuf (D:2)
  4 orc priests
  2 centaur skeletons
  9 orc wizards
  6 iguanas
  8 worker ants
  Ijyb (D:3)
  Natasha (D:2)
  4 big kobold zombies (Ossuary)
  3 mummies
  A worker ant zombie (D:9)
  9 adders
  7 gnolls
  2 shadow imps
  2 oozes (D:1)
  3 adder zombies (Ossuary)
  4 adder skeletons
  3 dart slugs
  4 worms
  2 leopard geckos
  37 orcs
  A giant cockroach (D:6)
  2 gnoll zombies (Ossuary)
  10 goblins
  5 hobgoblins
  9 jackals
  4 quokkas
  A ball python (D:3)
  5 bats
  6 frilled lizards
  A goblin zombie (D:7)
  5 hobgoblin zombies (Ossuary)
  16 kobolds
  A kobold zombie (Ossuary)
  A leopard gecko skeleton (D:4)
  4 orc zombies
  7 rats
318 creatures vanquished.

Vanquished Creatures (others)
  An ice beast (D:10)
  A centaur skeleton (D:8)
2 creatures vanquished.

Grand Total: 320 creatures vanquished

Notes
Turn   | Place    | Note
-------+----------+-------------------------------------------
     0 | D:1      | suicidejoker the Demonspawn Fighter began the quest for the
                  | Orb.
     0 | D:1      | Reached XP level 1. HP: 18/18 MP: 1/1
   154 | D:1      | Gained mutation: Your flesh is cold resistant. (rC+)
                  | [demonic ancestry]
   154 | D:1      | Reached XP level 2. HP: 18/24 MP: 2/2
   159 | D:1      | Reached skill level 3 in Shields
   623 | D:2      | Gained mutation: You are partially covered in icy blue
                  | scales. (AC +2) [demonic ancestry]
   623 | D:2      | Reached XP level 3. HP: 29/29 MP: 3/3
   670 | D:2      | Found a shattered altar of Ashenzari.
  1000 | D:2      | Gained mutation: You are mostly covered in icy blue scales.
                  | (AC +3) [demonic ancestry]
  1000 | D:2      | Reached XP level 4. HP: 10/36 MP: 4/4
  1418 | D:2      | Found a runed door.
  1545 | D:2      | Noticed Natasha
  1553 | D:2      | Killed Natasha
  1747 | D:2      | Noticed Crazy Yiuf
  1753 | D:2      | Killed Crazy Yiuf
  1753 | D:2      | Gained mutation: You are completely covered in icy blue
                  | scales. (AC +4, rC+) [demonic ancestry]
  1753 | D:2      | Reached XP level 5. HP: 30/42 MP: 5/5
  2079 | D:3      | Noticed Ijyb
  2092 | D:3      | Killed Ijyb
  2355 | D:3      | Reached skill level 4 in Shields
  2805 | D:4      | Gained mutation: You are immune to rotting. [demonic
                  | ancestry]
  2805 | D:4      | Reached XP level 6. HP: 48/48 MP: 6/6
  3015 | D:4      | Found Kunn's Gadget Shop.
  3395 | D:4      | Found a staircase to the Ecumenical Temple.
  3606 | Temple   | Entered the Ecumenical Temple
  3707 | Temple   | Became a worshipper of Gozag Ym Sagoz the Greedy
  3870 | D:5      | Entered Level 5 of the Dungeon
  3942 | D:5      | Found a runed gate.
  3943 | D:5      | Found a runed gate.
  3943 | D:5      | Found a runed gate.
  3944 | D:5      | Noticed FoxWall's ghost (novice MiFi)
  3991 | D:5      | Gained mutation: You may emit foul miasma when damaged in
                  | melee. [demonic ancestry]
  3991 | D:5      | Reached XP level 7. HP: 54/54 MP: 7/7
  4722 | D:6      | Got a pair of smoking gloves
  4728 | D:6      | Identified the +1 pair of gloves of the Barber Surgeon
                  | {Dex+2} (You found it on level 6 of the Dungeon)
  4753 | D:6      | Reached skill level 5 in Maces & Flails
  4817 | D:6      | Reached skill level 1 in Stealth
  4833 | D:6      | Reached XP level 8. HP: 33/61 MP: 8/8
  4940 | D:6      | Found a bloodstained altar of Trog.
  5282 | D:7      | Reached skill level 5 in Shields
  5341 | D:7      | Reached skill level 1 in Short Blades
  5676 | D:7      | Found a sand-covered staircase.
  5693 | Ossuary  | Entered an ossuary
  5745 | Ossuary  | Reached skill level 6 in Shields
  5884 | Ossuary  | Reached XP level 9. HP: 65/66 MP: 9/9
  6025 | D:7      | Noticed RegularSin's ghost (novice GnWn)
  6038 | D:7      | Found a runed gate.
  6038 | D:7      | Found a runed gate.
  6038 | D:7      | Found a runed gate.
  6243 | D:8      | Reached skill level 5 in Fighting
  6475 | D:8      | Gained mutation: You are frail. (-10% HP) [potion of
                  | mutation]
  6475 | D:8      | Gained mutation: You have a pair of small horns on your
                  | head. [potion of mutation]
  6476 | D:8      | Lost mutation: You are frail. (-10% HP) [potion of
                  | mutation]
  6476 | D:8      | Lost mutation: You have a pair of small horns on your head.
                  | [potion of mutation]
  6476 | D:8      | Gained mutation: You expend magic power (3 MP) to
                  | strengthen your wands. [potion of mutation]
  6476 | D:8      | Gained mutation: Your flesh is very cold resistant. (rC++)
                  | [potion of mutation]
  6476 | D:8      | Gained mutation: You are robust. (+10% HP) [potion of
                  | mutation]
  6556 | D:8      | Found a transporter.
  6631 | D:8      | Reached skill level 7 in Shields
  6799 | D:8      | Noticed a queen bee
  6811 | D:8      | Killed a queen bee
  6885 | D:8      | Reached skill level 5 in Armour
  6938 | D:8      | Reached skill level 1 in Axes
  7053 | D:8      | Found a transporter.
  7176 | D:8      | Reached skill level 1 in Dodging
  7176 | D:8      | Reached skill level 8 in Shields
  7176 | D:8      | Reached skill level 1 in Evocations
  7203 | D:8      | Found a stormy altar of Qazlal.
  7831 | D:9      | Gained mutation: You have a pair of small horns on your
                  | head. [demonic ancestry]
  7831 | D:9      | Reached XP level 10. HP: 65/81 MP: 10/10
  8068 | D:9      | Found Gyduif's Weapon Emporium.
  8135 | D:9      | Found an iron altar of Okawaru.
  8324 | D:9      | Noticed a two-headed ogre
  8336 | D:9      | Killed a two-headed ogre
  8430 | D:10     | Entered Level 10 of the Dungeon
  8439 | D:10     | Found a staircase to the Lair.
  8439 | D:10     | Noticed an elephant
  8439 | D:10     | Noticed a death yak
  8470 | D:10     | Killed an elephant
  8706 | D:10     | Killed a death yak
  8706 | D:10     | Reached skill level 5 in Axes
  8706 | D:10     | Reached skill level 9 in Shields
  8769 | D:10     | Found a staircase to the Orcish Mines.
  9211 | D:10     | Noticed a two-headed ogre
  9218 | D:10     | Killed a two-headed ogre
  9218 | D:10     | Reached skill level 1 in Polearms
  9218 | D:10     | Gained mutation: You are immune to freezing clouds.
                  | [demonic ancestry]
  9218 | D:10     | Reached XP level 11. HP: 84/89 MP: 1/11
 10112 | D:11     | Killed an unseen horror
 10677 | D:11     | Noticed Snorg
 10691 | D:11     | Killed Snorg
 10691 | D:11     | Reached skill level 10 in Shields
 11140 | D:12     | Noticed a brown ugly thing
 11159 | D:12     | Killed a brown ugly thing
 11224 | D:12     | Noticed a two-headed ogre
 11233 | D:12     | Killed a two-headed ogre
 11256 | D:12     | Reached skill level 5 in Polearms
 11833 | D:13     | Reached XP level 12. HP: 89/97 MP: 13/13
 11836 | D:13     | Found a snail-covered altar of Cheibriados.
 11980 | D:13     | HP: 4/97 [something/vampiric draining (6)]
 11980 | D:13     | Slain by a meliai

Skill      XL: |  1  2  3  4  5  6  7  8  9 10 11 |
---------------+----------------------------------+-----
Shields        | 3 4 6 8 9 10 | 10.8
Armour         | 3 4 5 6 7 |  7.6
Maces & Flails | 2 3 4 5 6 |  6.7
Fighting       | 4 5 6 |  6.7
Stealth        | 2 4 |  4.6
Short Blades   | 1 |  1.3
Axes           | 2 5 |  5.4
Dodging        | 1 |  1.6
Evocations     | 1 |  1.3
Polearms       | 1 6 |  6.3
Throwing       | |  0.6

Action                   |  1- 3 |  4- 6 |  7- 9 | 10-12 || total
-------------------------+-------+-------+-------+-------++-------
Melee: Flail             |   101 |   237 |   429 |       ||   767
       Dagger            |       |       |    67 |       ||    67
       Hand axe          |       |       |   193 |   175 ||   368
       Spear             |       |       |    62 |   535 ||   597
       Headbutt          |       |       |       |   159 ||   159
Throw: Javelin           |       |       |       |     5 ||     5
Invok: Potion Petition   |       |       |     1 |     4 ||     5
Evoke: Wand              |       |       |    12 |     9 ||    21
  Use: Potion            |     2 |     1 |     5 |     2 ||    10
       Scroll            |       |       |    12 |    17 ||    29
 Stab: Invisible         |       |       |    10 |       ||    10
       Distracted        |       |       |     2 |     4 ||     6
       Sleeping          |       |       |       |     4 ||     4
  Eat: Ration            |       |     2 |     6 |     5 ||    13
       Chunk             |       |     4 |       |       ||     4
Armor: Scale mail        |    11 |       |       |       ||    11
       Plate armour      |    64 |   163 |   489 |   356 ||  1072
       Ring mail         |       |       |       |    26 ||    26
Dodge: Dodged            |    17 |    24 |    61 |    79 ||   181
Block: Shield            |    56 |   136 |       |       ||   192
       Large shield      |       |    22 |   660 |   574 ||  1256
